 Dungeon Crawl Stone Soup version 0.21-a0-314-gb3271ec (webtiles) character file.

1286 vishdafish the Grave Robber (level 8, -2/52 HPs)
             Began as a Vampire Necromancer on Sept 29, 2017.
             Was an Initiate of Makhleb.
             Slain by a centaur zombie (7 damage)
             ... on level 6 of the Dungeon.
             The game lasted 00:29:35 (8632 turns).

vishdafish the Grave Robber (Vampire Necromancer)   Turns: 8632, Time: 00:29:36

Health: -2/52      AC:  5    Str:  7    XL:     8   Next: 30%
Magic:  11/11      EV: 14    Int: 19    God:    Makhleb [......]
Gold:   447        SH:  0    Dex: 15    Spells: 3/11 levels left

rFire    . . .     SeeInvis +   C - +1 dagger (vamp)
rCold    + . .     Gourm    .   (no shield)
rNeg     + + .     Faith    .   a - +0 robe
rPois    +         Spirit   .   (no helmet)
rElec    .         Reflect  .   (no cloak)
rCorr    .         Harm     .   q - +0 pair of gloves
MR       .....                  t - +1 pair of boots
Stlth    ++++......             (no amulet)
HPRegen  0.08/turn              k - ring of flight
MPRegen  0.12/turn              (no ring)

@: regenerating slowly
A: fangs 3, see invisible, unbreathing
a: Bat Form, Renounce Religion, Evoke Flight


You were on level 6 of the Dungeon.
You worshipped Makhleb.
Makhleb was noncommittal.
You were thirsty.

You visited 2 branches of the dungeon, and saw 7 of its levels.

You collected 447 gold pieces.

Inventory:

Hand Weapons
 C - a +1 vampiric dagger (weapon)
 F - the +9 hunting sling of Red Wine {freeze, rElec rPois Dex-5}
   (You found it on level 6 of the Dungeon)

   It causes projectiles fired from it to freeze those they strike, causing
   extra injury to most foes and up to half again as much damage against
   particularly susceptible opponents.
   They can also slow down cold-blooded creatures.
   It affects your dexterity (-5).
   It insulates you from electricity.
   It protects you from poison.
Missiles
 G - 9 sling bullets
Armour
 a - a +0 robe (worn)
 q - a +0 pair of gloves (worn)
 t - a +1 pair of boots (worn)
 D - a +2 leather armour of cold resistance
 E - a +0 leather armour
Magical Staves
 w - an uncursed staff of power
Jewellery
 k - a ring of flight (left hand)
Wands
 f - a wand of random effects (13/48)
 B - a wand of iceblast (10/15)
Scrolls
 d - 2 scrolls of magic mapping
 g - a scroll of random uselessness {unknown}
 h - 5 scrolls of teleportation
 i - a scroll of recharging
 j - 3 scrolls of enchant armour
 l - a scroll of remove curse
 r - a scroll of enchant weapon {unknown}
 s - a scroll of fog {unknown}
 u - 2 scrolls of fear {unknown}
 x - a scroll of blinking {unknown}
 y - a scroll of noise {unknown}
Potions
 c - 14 potions of blood
 e - 4 potions of curing
 m - a potion of lignification {unknown}
 n - 2 potions of ambrosia
 o - a potion of invisibility
 v - a potion of heal wounds {unknown}
 z - a potion of brilliance
 A - a potion of degeneration {unknown}
Books
 b - a book of Necromancy

   Spells                             Type                      Level
   a - Pain                           Necromancy                   1
   b - Animate Skeleton               Necromancy                   1
   c - Vampiric Draining              Necromancy                   3
   d - Regeneration                   Charms/Necromancy            3
   e - Animate Dead                   Necromancy                   4
   f - Control Undead                 Necromancy                   4


   Skills:
 * Level 6.7 Short Blades
 * Level 0.1 Slings
 - Level 3.5 Dodging
 - Level 4.0 Stealth
 - Level 2.3 Spellcasting
 * Level 5.1 Charms
 - Level 7.1 Necromancy


You had 3 spell levels left.
You knew the following spells:

 Your Spells              Type           Power        Failure   Level  Hunger
a - Pain                  Necr           ####         1%          1    #......
b - Regeneration          Chrm/Necr      ####......   4%          3    ###....
c - Animate Dead          Necr           N/A          9%          4    #####..


Dungeon Overview and Level Annotations

Branches:
Dungeon (6/15)             Temple (1/1) D:6

Altars:
Ashenzari
Cheibriados
Dithmenos
Gozag
Hepliaklqana
Kikubaaqudgha
Makhleb
Nemelex Xobeh
Okawaru
Ru
Sif Muna
Trog
Uskayaw
Vehumet
Xom
Yredelemnul
Zin
The Shining One


Innate Abilities, Weirdness & Mutations

You heal slowly.
You have razor-sharp teeth.
You have supernaturally acute eyesight. (SInv)
You can survive without breathing.


Message History

* * * LOW HITPOINT WARNING * * *
You hit the centaur zombie.
The centaur zombie is severely damaged.
The centaur zombie barely misses you.
You hit the centaur zombie but do no damage.
The centaur zombie is severely damaged.
The centaur zombie closely misses you.
You hit the centaur zombie.
The centaur zombie is severely damaged.
The centaur zombie hits you!
* * * LOW HITPOINT WARNING * * *
You hit the centaur zombie.
The centaur zombie is severely damaged.
You hit the centaur zombie.
The centaur zombie is severely damaged.
The centaur zombie hits you but does no damage.
You hit the centaur zombie.
The centaur zombie is almost destroyed.
The centaur zombie hits you!
You die...

#.##.......#
##...##.###....
#.#####.##.#
#.............#
#.#####.##.#
##..####.####.##
........##.#
#...##.....#
.##........#
#...#.......#
.##.##.#####
#...#.......#
....##.#
#######)......_.....
.#####.#
#.....))..#.......#.#
.......#
#.###@#...#.......#.#
########
#Z##..##.....## .
.(....# #.##
...###... .. ....#
##..# # ....(. ....
#?##(## .... .. ..


You could see a centaur zombie.

Vanquished Creatures
  The ghost of CcS the Destroyer, a novice GnCj of Vehumet (D:6)
  A phantom (D:5)
  2 ogres (D:5)
  A howler monkey (D:5)
  A crimson imp (D:5)
  A centaur zombie (D:5)
  2 orc priests
  3 orc wizards
  An iguana (D:6)
  Jessica (D:2)
  Ijyb (D:4)
  A worker ant (D:5)
  A hound skeleton (D:5)
  6 gnolls
  5 adders
  A shadow imp (D:5)
  An ooze (D:3)
  3 worms
  3 dart slugs (D:1)
  3 leopard geckos
  16 orcs
  3 ball pythons
  7 giant cockroaches
  13 goblins
  7 hobgoblins
  19 jackals
  9 kobolds
  5 quokkas
  6 bats
  5 frilled lizards
  A leopard gecko skeleton (D:5)
  10 rats
140 creatures vanquished.

Notes
Turn   | Place    | Note
-------+----------+-------------------------------------------
     0 | D:1      | vishdafish the Vampire Necromancer began the quest for the Orb.
     0 | D:1      | Reached XP level 1. HP: 13/13 MP: 3/3
   427 | D:1      | Reached XP level 2. HP: 17/19 MP: 1/5
  1055 | D:1      | Reached XP level 3. HP: 20/24 MP: 2/6
  1364 | D:2      | Learned a level 3 spell: Regeneration
  1611 | D:2      | Reached skill level 1 in Short Blades
  2283 | D:2      | Reached XP level 4. HP: 18/30 MP: 2/7
  2862 | D:2      | Found a snail-covered altar of Cheibriados.
  2926 | D:2      | Noticed Jessica
  2928 | D:2      | Killed Jessica
  2928 | D:2      | Reached skill level 1 in Charms
  3727 | D:2      | Found a glowing silver altar of Zin.
  3766 | D:2      | Found a glowing golden altar of the Shining One.
  4197 | D:2      | Reached XP level 5. HP: 25/35 MP: 8/8
  4577 | D:3      | Found a deep blue altar of Sif Muna.
  5414 | D:4      | Noticed Ijyb
  5415 | D:4      | Reached skill level 5 in Necromancy
  5420 | D:4      | Killed Ijyb
  5791 | D:5      | Entered Level 5 of the Dungeon
  5816 | D:5      | Noticed a phantom
  6024 | D:5      | Noticed an ogre
  6047 | D:5      | Killed an ogre
  6047 | D:5      | Reached XP level 6. HP: 41/41 MP: 7/9
  6164 | D:5      | Found a sacrificial altar of Ru.
  6166 | D:5      | Found a hide-covered altar of Uskayaw.
  6181 | D:5      | Found a hazy altar of Hepliaklqana.
  6207 | D:5      | Reached skill level 6 in Necromancy
  6350 | D:5      | Reached XP level 7. HP: 41/46 MP: 10/10
  6472 | D:5      | Found a shadowy altar of Dithmenos.
  6484 | D:5      | Found a hide-covered altar of Uskayaw.
  7056 | D:6      | Noticed CcS's ghost (novice GnCj)
  7159 | D:6      | Reached skill level 5 in Short Blades
  7159 | D:6      | Reached skill level 7 in Necromancy
  7219 | D:6      | Learned a level 4 spell: Animate Dead
  7269 | D:6      | Found a staircase to the Ecumenical Temple.
  7283 | Temple   | Entered the Ecumenical Temple
  7330 | Temple   | Became a worshipper of Makhleb the Destroyer
  7697 | D:6      | Got an encrusted hunting sling
  7698 | D:6      | Identified the +9 hunting sling of Red Wine {freeze, rElec rPois Dex-5} (You found it on level 6 of the Dungeon)
  8203 | D:6      | Killed CcS's ghost
  8203 | D:6      | Reached skill level 5 in Charms
  8203 | D:6      | Reached XP level 8. HP: 11/52 MP: 11/11
  8531 | D:6      | Found a shattered altar of Ashenzari.
  8632 | D:6      | Slain by a centaur zombie

Vault maps used:
D:1:      dpeg_arrival_erosion
D:2:      zin_scriptorium, tso_altar, old_standard_altar,
          nicolae_underground_beach, uniq_jessica
D:3:      old_standard_altar
D:4:      kennysheep_goblin_castle, first_bread
D:5:      nicolae_overflow_crystal_walls, lemuel_doored_altar,
          kennysheep_little_box, hangedman_feature_mirror
D:6:      old_standard_altar, minmay_temple_entry_purple_smoke
Temple:   compressed_dpeg_triangle_lava_temple

Skill      XL: |  1  2  3  4  5  6  7 |
---------------+----------------------+-----
Short Blades   | 1 2 4 6 |  6.7
Stealth        | 4 |  4.0
Dodging        | 3 |  3.5
Charms         | 2 3 5 |  5.1
Necromancy     | 5 6 7 |  7.1
Slings         | |  0.1
Spellcasting   | |  2.3

Action                   |  1- 3 |  4- 6 |  7- 9 || total
-------------------------+-------+-------+-------++-------
Melee: Short sword       |     4 |       |       ||     4
       Dagger            |    72 |   199 |   118 ||   389
       Bite              |     5 |    16 |     7 ||    28
 Fire: Hunting sling     |       |       |     9 ||     9
 Cast: Pain              |    38 |    33 |    19 ||    90
 Abil: End Transformatio |     2 |     2 |     3 ||     7
       Bat Form          |     2 |     2 |     3 ||     7
  Use: Potion            |     1 |    12 |     6 ||    19
       Scroll            |       |     5 |     5 ||    10
 Stab: Sleeping          |     6 |     7 |     2 ||    15
  Eat: Corpse            |     2 |       |       ||     2
Armor: Robe              |    10 |    37 |    17 ||    64
Dodge: Dodged            |    57 |   136 |    69 ||   262

Table legend:
 A = Spawn XP
 B = Non-spawn XP
 C = Spawn XP percentage of total XP
 D = Spawn monster count
 E = Non-spawn monster count
 F = Spawn count percentage of total count
 G = Total turns spent on level
                    A         B        C        D         E        F      G
               +---------+---------+-------+---------+---------+-------+---------
         Total |       0 |    1838 |   0.0 |       0 |     140 |   0.0 |  8632
               +---------+---------+-------+---------+---------+-------+---------
           D:1 |       0 |      46 |   0.0 |       0 |      26 |   0.0 |  1708
           D:2 |       0 |     162 |   0.0 |       0 |      39 |   0.0 |  2820
           D:3 |       0 |      36 |   0.0 |       0 |      18 |   0.0 |   537
           D:4 |       0 |      72 |   0.0 |       0 |      14 |   0.0 |  1012
           D:5 |       0 |     744 |   0.0 |       0 |      29 |   0.0 |  1285
           D:6 |       0 |     778 |   0.0 |       0 |      14 |   0.0 |  1194
               +---------+---------+-------+---------+---------+-------+---------
